 Dungeon Crawl Stone Soup version 0.24.0-123-gd5b16e6ec5 (webtiles) character file.

Game seed: 6425471930139259986, levelgen mode: deterministic

4463 busyok the Thaumaturge (level 10, -6/53 HPs)
             Began as a Deep Elf Fire Elementalist on Jan 1, 2020.
             Was an Elder of Vehumet.
             Mangled by Harold
             ... wielding a +0 glaive
              (8 damage)
             ... on level 7 of the Dungeon.
             The game lasted 00:35:23 (11954 turns).

busyok the Thaumaturge (DEFE)                      Turns: 11954, Time: 00:35:23

Health: -6/53      AC:  7    Str:  8    XL:     10   Next: 15%
Magic:  1/35       EV:  8    Int: 19    God:    Vehumet [****..]
Gold:   459        SH:  0    Dex: 15    Spells: 8/30 levels left

rFire    x . .     SeeInvis .   e - +1 spear "Zicaakank" {freeze, MR+ Str+3 Int-5}
rCold    + . .     Gourm    .   (no shield)
rNeg     . . .     Faith    .   a - +2 robe
rPois    .         Spirit   .   (no helmet)
rElec    .         Reflect  .   (no cloak)
rCorr    .         Harm     .   j - +2 pair of gloves
MR       ++...                  (no boots)
Stlth    +++.......             (no amulet)
HPRegen  0.17/turn              m - ring of ice
MPRegen  0.24/turn              C - ring of magical power

@: marked, very slightly contaminated, held
A: no striking features
a: Renounce Religion


You were on level 7 of the Dungeon.
You worshipped Vehumet.
Vehumet was greatly pleased with you.
You were not hungry.

You visited 1 branch of the dungeon, and saw 7 of its levels.

You collected 459 gold pieces.

Inventory:

Hand Weapons
 e - the +1 spear "Zicaakank" (weapon) {freeze, MR+ Str+3 Int-5}
   (You found it on level 5 of the Dungeon)

   It has been specially enchanted to freeze those struck by it, causing extra
   injury to most foes and up to half again as much damage against particularly
   susceptible opponents.
   It can also slow down cold-blooded creatures.
   It affects your strength (+3).
   It affects your intelligence (-5).
   It affects your resistance to hostile enchantments.
 g - a +0 whip
 l - a +0 short sword
 q - a cursed -3 short sword
 r - a +4 rapier of freezing
Missiles
 B - 25 poisoned darts (quivered)
Armour
 a - a +2 robe (worn)
 j - a +2 pair of gloves (worn)
Jewellery
 m - a ring of ice (left hand)
 t - an uncursed ring of resist corrosion
 u - a -3 ring of strength
 C - a ring of magical power (right hand)
Wands
 p - a wand of enslavement (8)
 s - a wand of polymorph (3)
 y - a wand of iceblast (9)
Scrolls
 d - a scroll of enchant weapon
 f - a scroll of immolation
 i - a scroll of magic mapping
 n - 4 scrolls of fear {unknown}
 z - 2 scrolls of blinking {unknown}
 D - a scroll of vulnerability {unknown}
 F - a scroll of remove curse
 H - a scroll of summoning {unknown}
Potions
 b - a potion of ambrosia
 h - 2 potions of heal wounds {unknown}
 o - 3 potions of curing
 v - a potion of cancellation {unknown}
 w - a potion of agility {unknown}
 x - 3 potions of degeneration {unknown}
 A - a potion of resistance {unknown}
 E - 2 potions of haste {unknown}
Comestibles
 c - 5 rations
 k - 2 chunks of flesh


   Skills:
 + Level 2.0 Fighting
 + Level 3.6 Short Blades
 + Level 0.1 Maces & Flails
 + Level 1.2 Polearms
 + Level 5.3 Dodging
 + Level 4.1 Stealth
 * Level 10.9 Spellcasting
 * Level 7.1 Conjurations
 + Level 0.7 Hexes
 * Level 9.1 Fire Magic


You had 8 spell levels left.
You knew the following spells:

 Your Spells              Type           Power        Failure   Level  Hunger
a - Flame Tongue          Conj/Fire      #####        1%          1    None
b - Throw Flame           Conj/Fire      #####.       1%          2    None
c - Conjure Flame         Conj/Fire      #####...     1%          3    None
d - Inner Flame           Hex/Fire       ####....     1%          3    None
e - Sticky Flame          Conj/Fire      #####...     1%          4    ##.....
f - Fireball              Conj/Fire      #####.....   1%          5    ####...
g - Fulminant Prism       Conj/Hex       ####......   3%          4    ##.....

Your spell library contained the following spells:

 Spells                   Type           Power        Failure   Level  Hunger


Dungeon Overview and Level Annotations

Branches:
Dungeon (7/15)             Temple (0/1) D:5

Altars:
Elyvilon
Hepliaklqana
Sif Muna
Uskayaw
Vehumet
Xom
The Shining One

Annotations:
D:7 Harold


Message History

Harold is engulfed in blazing flames.
Harold casts a spell at you. A sentinel's mark forms upon you.
Casting: Fireball (safe; 1% risk of failure)
Confirm with . or Enter, or press ? or * to list all spells.
Aiming: Fireball (safe; 1% risk of failure)
Press: ? - help, Shift-Dir - straight line The fireball explodes!
The fireball engulfs Harold!
Harold resists.
Harold is severely wounded.
Harold is engulfed in blazing flames.
Harold gestures at you while chanting.
You barely resist.
Casting: Fireball (safe; 1% risk of failure)
Confirm with . or Enter, or press ? or * to list all spells.
Aiming: Fireball (safe; 1% risk of failure)
Press: ? - help, Shift-Dir - straight line The fireball explodes!
The fireball engulfs Harold.
Harold resists.
Harold is severely wounded.
Harold hits you from afar with a +0 glaive!
You die...

...###+#####...............#
#+##.......................#
#.......................#
#..............####.....#
#..........(...# #.....#
##+#..............# #.....#
........####......+ #.....#
........#..#......# #.....#
........'..#....@.# #.....#
........#..#....ยง.# #.....#
####....#..#####@## #.....#
#....#...#....#
#....+...#....#
#....#...#.....
#....#...#.....
#....##'##..####
#.....>..###


You could see Harold.

Vanquished Creatures
  Pikel (D:4)
  The ghost of busyok the Magician, a novice DEVM (D:5)
  The ghost of Requin the Chopper, an amateur HOFi (D:5)
  2 hippogriffs
  Sigmund (D:4)
  Eustachio (D:4)
  2 orc warriors
  An ice beast (D:6)
  A sky beast (D:6)
  3 phantoms
  A necrophage (D:6)
  4 ogres
  A bullfrog (D:6)
  Blork the orc (D:4)
  3 scorpions
  3 killer bees (D:7)
  6 electric eels (D:6)
  5 howler monkeys
  A crimson imp (D:6)
  A bullfrog zombie (D:5)
  4 hounds
  3 orc priests
  A centaur skeleton (D:4)
  A bullfrog skeleton (D:4)
  A gnoll shaman (D:6)
  7 orc wizards
  3 iguanas
  4 worker ants
  A hound zombie (D:7)
  A hound skeleton (D:7)
  Robin (D:4)
  2 worker ant zombies
  13 adders
  9 gnolls
  A shadow imp (D:6)
  An adder zombie (D:7)
  4 oozes
  An adder skeleton (D:4)
  3 worms (D:2)
  4 dart slugs
  4 leopard geckos
  22 orcs
  2 giant cockroaches
  14 goblins
  5 hobgoblins
  10 jackals
  6 quokkas
  A ball python (D:1)
  10 bats
  4 frilled lizards
  10 kobolds
  A quokka skeleton (D:5)
  4 rats
  8 fulminant prisms (D:7)
  4 plants (D:6)
210 creatures vanquished.

Vanquished Creatures (others)
  Menkaure (D:4)
  A slave (D:4)
  An ooze (D:4)
  A leopard gecko (D:4)
  An orc (D:4)
  A giant cockroach (D:4)
  A goblin (D:4)
  A jackal (D:4)
  A frilled lizard (D:4)
  7 fulminant prisms (D:7)
  A withered plant (D:5)
17 creatures vanquished.

Grand Total: 227 creatures vanquished

Notes
Turn   | Place    | Note
-------+----------+-------------------------------------------
     0 | D:1      | busyok the Deep Elf Fire Elementalist began the quest for
                  | the Orb.
     0 | D:1      | Reached XP level 1. HP: 10/10 MP: 6/6
   776 | D:1      | Reached XP level 2. HP: 15/15 MP: 5/8
  1417 | D:2      | Reached XP level 3. HP: 19/19 MP: 3/10
  1498 | D:2      | Learned a level 2 spell: Throw Flame
  1502 | D:2      | Learned a level 3 spell: Conjure Flame
  2106 | D:2      | Reached XP level 4. HP: 24/24 MP: 2/11
  2186 | D:2      | Learned a level 3 spell: Inner Flame
  2255 | D:2      | Reached skill level 4 in Spellcasting
  2567 | D:2      | Found a white marble altar of Elyvilon.
  2567 | D:2      | Found a radiant altar of Vehumet.
  2582 | D:2      | Found a shimmering altar of Xom.
  2584 | D:2      | Found a faded altar of an unknown god.
  2585 | D:2      | Found a faded altar of an unknown god.
  2595 | D:2      | Became a worshipper of Vehumet
  2977 | D:3      | Found a hazy altar of Hepliaklqana.
  2978 | D:3      | Found a shimmering blue altar of Sif Muna.
  3545 | D:3      | Reached XP level 5. HP: 27/28 MP: 9/13
  3702 | D:3      | Reached * piety under Vehumet
  3702 | D:3      | Offered knowledge of Sting by Vehumet.
  4051 | D:3      | Learned a level 4 spell: Sticky Flame
  4346 | D:4      | Noticed an ogre
  4356 | D:4      | Killed an ogre
  4356 | D:4      | Reached skill level 1 in Short Blades
  4356 | D:4      | Reached skill level 5 in Spellcasting
  4356 | D:4      | Reached skill level 5 in Fire Magic
  4356 | D:4      | Reached XP level 6. HP: 9/33 MP: 8/15
  4826 | D:4      | Noticed Eustachio
  4835 | D:4      | Killed Eustachio
  4835 | D:4      | Reached skill level 1 in Fighting
  4835 | D:4      | Reached XP level 7. HP: 38/38 MP: 3/17
  4962 | D:4      | Noticed Pikel
  4985 | D:4      | Killed Pikel
  4985 | D:4      | Reached skill level 6 in Spellcasting
  4985 | D:4      | Reached XP level 8. HP: 43/43 MP: 3/19
  5127 | D:4      | Noticed Robin
  5143 | D:4      | Killed Robin
  5274 | D:4      | Noticed Blork the orc
  5289 | D:4      | Killed Blork the orc
  5289 | D:4      | Reached skill level 7 in Spellcasting
  5771 | D:4      | Learned a level 5 spell: Fireball
  6122 | D:4      | Killed Menkaure
  6150 | D:4      | Offered knowledge of Throw Frost by Vehumet.
  6197 | D:4      | Found a hide-covered altar of Uskayaw.
  6197 | D:4      | Noticed Sigmund
  6198 | D:4      | Killed Sigmund
  6198 | D:4      | Reached ** piety under Vehumet
  6329 | D:5      | Entered Level 5 of the Dungeon
  6432 | D:5      | Reached skill level 8 in Spellcasting
  6606 | D:5      | Found a staircase to the Ecumenical Temple.
  6759 | D:5      | Found a runed translucent gate.
  6759 | D:5      | Found a runed translucent gate.
  6759 | D:5      | Found a runed translucent gate.
  7071 | D:5      | Noticed Requin's ghost (amateur HOFi)
  7071 | D:5      | Noticed busyok's ghost (novice DEVM)
  7325 | D:5      | Killed busyok's ghost
  7325 | D:5      | Reached skill level 5 in Conjurations
  7363 | D:5      | Killed Requin's ghost
  7363 | D:5      | Reached skill level 9 in Spellcasting
  7363 | D:5      | Reached XP level 9. HP: 12/48 MP: 4/24
  7597 | D:5      | Got a faintly glowing spear
  7599 | D:5      | Identified the cursed +1 spear "Zicaakank" {freeze, MR+
                  | Str+3 Int-5} (You found it on level 5 of the Dungeon)
  8024 | D:6      | Found a glowing golden altar of the Shining One.
  8359 | D:6      | Reached skill level 5 in Dodging
  8363 | D:6      | Offered knowledge of Mephitic Cloud by Vehumet.
  8908 | D:6      | Reached *** piety under Vehumet
  9510 | D:6      | Reached skill level 10 in Spellcasting
 10409 | D:6      | Reached skill level 1 in Polearms
 10506 | D:6      | Offered knowledge of Fulminant Prism by Vehumet.
 10700 | D:6      | Learned a level 4 spell: Fulminant Prism
 11098 | D:7      | Reached XP level 10. HP: 53/53 MP: 20/26
 11583 | D:7      | Reached **** piety under Vehumet
 11940 | D:7      | Noticed Harold
 11950 | D:7      | HP: 2/53 [Harold/+0 glaive (7)]
 11954 | D:7      | Mangled by Harold

Levels and vault maps discovered:
D:1:      psy_arrival_radial02, layout_basic, columned_hall_lemuel
D:2:      layout_rooms, chequers_temple_overflow_minitemple
D:3:      minmay_recursive_quarters, layout_loops_cross,
          gammafunk_temple_overflow_statue
D:4:      layout_loops_cross, eat_drink_and_be_merry_uskayaw,
          chequers_serial_rivers_large_a, uniq_sigmund, uniq_robin,
          uniq_menkaure, uniq_blork_the_orc, uniq_pikel, uniq_eustachio
D:5:      layout_basic, minmay_temple_entry_enclosed_plants, first_ration,
          gammafunk_ghost_cemetery
D:6:      cheibrodos_two_vegetables, layout_basic,
          nicolae_overflow_crystal_walls
D:7:      layout_gridville, uniq_harold

Skill      XL: |  1  2  3  4  5  6  7  8  9 10 |
---------------+-------------------------------+-----
Fire Magic     | 4 5 6 7 8 9 |  9.1
Stealth        | 3 4 |  4.1
Spellcasting   | 4 5 6 9 10 | 10.9
Conjurations   | 2 3 5 6 7 |  7.1
Short Blades   | 1 2 3 |  3.6
Dodging        | 3 4 5 |  5.3
Fighting       | 1 2 |  2.0
Polearms       | 1 |  1.2
Maces & Flails | |  0.1
Hexes          | |  0.7

Action                   |  1- 3 |  4- 6 |  7- 9 | 10-12 || total
-------------------------+-------+-------+-------+-------++-------
Melee: Whip              |    13 |       |       |       ||    13
       Short sword       |       |    45 |       |       ||    45
       Rapier            |       |       |    41 |       ||    41
       Spear             |       |       |    67 |     1 ||    68
 Cast: Flame Tongue      |    45 |    69 |   136 |    10 ||   260
       Throw Flame       |    13 |    20 |    59 |    11 ||   103
       Sticky Flame      |       |     5 |    15 |     2 ||    22
       Conjure Flame     |       |     1 |    16 |     3 ||    20
       Inner Flame       |       |       |     3 |       ||     3
       Fireball          |       |       |    17 |    13 ||    30
       Fulminant Prism   |       |       |     9 |     6 ||    15
  Use: Potion            |       |     2 |     3 |       ||     5
       Scroll            |       |       |    13 |     1 ||    14
 Stab: Sleeping          |     1 |       |     1 |       ||     2
       Invisible         |       |       |     1 |       ||     1
  Eat: Chunk             |     4 |     2 |    10 |       ||    16
       Ration            |       |     2 |     5 |     2 ||     9
Armor: Robe              |       |     8 |    26 |     5 ||    39
       Skin              |       |    38 |       |       ||    38
Dodge: Dodged            |    21 |    38 |   149 |    14 ||   222
